 Dungeon Crawl Stone Soup version 0.32-a0-450-g080537f31e (webtiles) character file.

Game seed: 12170847389632889926

259 CougarLife the Digger (level 6, -2/32 HPs)
             Began as a Gargoyle Earth Elementalist on Feb 24, 2024.
             Was an Initiate of Gozag.
             Slain by an orc
             ... wielding a +2 trident of venom
              (5 damage)
             ... on level 4 of the Dungeon.
             The game lasted 00:04:19 (3200 turns).

CougarLife the Digger (Gargoyle Earth Elementalist) Turns: 3200, Time: 00:04:19

Health: -2/32      AC:  6    Str: 12    XL:     6   Next: 17%
Magic:  3/11       EV: 11    Int: 17    God:    Gozag
Gold:   218        SH:  0    Dex: 10    Spells: 8/12 levels left

rFire   . . .        i - +0 dagger
rCold   . . .        (no shield)
rNeg    + . .        a - +0 robe
rPois   ∞            (no helmet)
rElec   +            (no cloak)
rCorr   .            (no gloves)
SInv    .            (no boots)
Will    .....        (no amulet)
Stlth   ++           (no ring)
HPRegen 0.25/turn    (no ring)
MPRegen 0.12/turn

%: no passive effects
@: gold aura
A: sickness immunity, AC +4, negative energy resistance 1, electricity
resistance, torment resistance 1, petrification resistance
a: Renounce Religion, Potion Petition, Call Merchant, Bribe Branch


You were on level 4 of the Dungeon.
You worshipped Gozag.
Gozag was aware of your devotion.
You visited 2 branches of the dungeon, and saw 5 of its levels.

You collected 300 gold pieces.
You spent 48 gold pieces at shops.
You paid 34 gold pieces to Gozag.

Inventory:

Hand Weapons
 i - a +0 dagger (weapon)
Armour
 a - a +0 robe (worn)
Scrolls
 c - a scroll of torment {unknown}
 e - 2 scrolls of immolation
 h - a scroll of enchant armour {unknown}
 j - a scroll of acquirement {unknown}
 m - 2 scrolls of fog {unknown}
 o - a scroll of identify
 q - a scroll of noise {unknown}
Potions
 b - a potion of magic
 d - 3 potions of might {unknown}
 f - 2 potions of curing
 g - 2 potions of enlightenment {unknown}
 k - 2 potions of heal wounds {unknown}
 l - a potion of haste {unknown}
 n - a potion of brilliance {unknown}
 p - 2 potions of degeneration {unknown}


   Skills:
 - Level 1.5 Dodging
 - Level 2.1 Stealth
 + Level 3.7 Spellcasting
 + Level 3.7 Conjurations
 + Level 5.4 Earth Magic


You had 8 spell levels left.
You knew the following spells:

 Your Spells              Type           Power      Damage    Failure   Level
a - Sandblast             Erth           42%        2d11      1%          1
b - Stone Arrow           Conj/Erth      36%        3d9       8%          3

Your spell library contained the following spells:

 Spells                   Type           Power      Damage    Failure   Level
 Passwall                 Erth           21%        N/A       5%          3
 Brom's Barrelling Bould  Conj/Erth      18%        2d4       24%         4
 Summon Ice Beast         Ice/Summ       3%         N/A       43%         3
 Petrify                  Alch/Erth      12%        N/A       45%         4
 Summon Mana Viper        Hex/Summ       3%         N/A       99%         5
 Monstrous Menagerie      Summ           1%         N/A       100%        7


Dungeon Overview and Level Annotations

Branches:
Dungeon (4/15)             Temple (1/1) D:4

Altars:
Ashenzari
Elyvilon
Gozag
Hepliaklqana
Kikubaaqudgha
Makhleb
Okawaru
Qazlal
Sif Muna
Trog
Uskayaw
Vehumet
Wu Jian
Yredelemnul
Zin

Shops:
D:1 (   D:2 *?=*?   D:3 !*([!


Innate Abilities, Weirdness & Mutations

You are immune to sickness and miasma.
Your stone body is resilient. (AC +4)
You are immune to poison.
You resist negative energy. (rN+)
You are resistant to electric shocks. (rElec)
You are resistant to unholy torment.
You are immune to petrification.


Message History

The blast of sand hits the orc.
You kill the orc!
The orc hits you from afar with a +2 trident of venom.
The orc barely misses you.
The blast of sand hits the orc.
The orc is lightly wounded.
The orc closely misses you.
The orc is distracted by your dazzling golden aura.
The blast of sand hits the orc.
The orc is moderately wounded.
The orc shouts!
The orc is no longer distracted by gold.
The orc barely misses you.
The orc hits you from afar with a +2 trident of venom.
The orc hits you with a +0 flail.
The orc hits you from afar with a +2 trident of venom!
You are too injured to fight recklessly!
You are too injured to fight recklessly!
You are too injured to fight recklessly!
You are too injured to fight recklessly!
The orc attacks as it pursues you! The orc closely misses you.
The orc attacks as it pursues you!
The orc hits you from afar with a +2 trident of venom.
* * * LOW HITPOINT WARNING * * *
The orc attacks as it pursues you! The orc closely misses you.
The orc attacks as it pursues you! The orc hits you with a +0 flail.
* * * LOW HITPOINT WARNING * * *
The orc attacks as it pursues you!
The orc hits you from afar with a +2 trident of venom.
* * * LOW HITPOINT WARNING * * *
Casting: Sandblast (safe; 1% risk of failure)
Confirm with . or Enter, or press ? or * to list all spells.
Aiming: Stone Arrow (quite dangerous; 8% risk of failure)
Press: ? - help, Shift-Dir - straight line, f - orc, p - orc
Aim: an orc, wielding a +2 trident of venom (68% to hit)
The stone arrow hits the orc!
You kill the orc!
The orc hits you from afar with a +2 trident of venom.
You die...
Your body crumbles into a pile of gold.

#.....<...## ##...## #...>...
#..........###.....## #.......
#..###.##..##.%.....## ###.......
#..##...#..#.........###..~~~....
#..#.......+....o....'...~§§~~...
#...###.#..#.........###§§§§§~~..
#...# #....##...o...## #~§~>~§~..
##..###....###..$..## #§~§~§§§##
###...##### ##.@.## #.~~§~~.#
##)## ##+## #..~~~..# #.# #.#
######.## #.# ########.# #.# #.#
#......#.## #.# #.# #.####....##
#.# #.###.####.....##########.#
#........#....#..........>###
#####.##........#######......


You could see 2 orcs.

Vanquished Creatures
  An ogre (D:3)
  2 orc wizards (D:3)
  2 adders
  2 ribbon worms
  6 orcs
  10 ball pythons
  5 endoplasms
  3 giant cockroaches
  7 goblins
  6 hobgoblins
  10 jackals (D:1)
  3 kobolds
  2 quokkas (D:2)
  6 bats
  6 frilled lizards
  24 rats
95 creatures vanquished.

Notes
Turn   | Place    | Note
-------+----------+-------------------------------------------
     0 | D:1      | CougarLife the Gargoyle Earth Elementalist began the quest
                  | for the Orb.
     0 | D:1      | Reached XP level 1. HP: 10/10 MP: 3/3
   128 | D:1      | Reached XP level 2. HP: 11/15 MP: 0/5
   262 | D:1      | Reached skill level 4 in Earth Magic
   464 | D:1      | Reached XP level 3. HP: 19/19 MP: 1/6
   511 | D:1      | Found Ziro's Antique Weapon Shoppe.
   877 | D:2      | Found Zoer's Magic Scroll Shop.
   886 | D:2      | Bought a scroll of identify for 26 gold pieces
  1113 | D:2      | Found Pius's Magic Scroll Shoppe.
  1122 | D:2      | Bought a scroll of identify for 22 gold pieces
  1203 | D:2      | Found Kykk's Assorted Antiques.
  1264 | D:2      | Found Amemat's Jewellery Shop.
  1426 | D:2      | Found Kodo's General Store.
  1642 | D:2      | Reached XP level 4. HP: 23/24 MP: 1/8
  1817 | D:3      | Learned a level 3 spell: Stone Arrow
  1868 | D:3      | Found an opulent altar of Gozag.
  1970 | D:3      | Reached XP level 5. HP: 14/28 MP: 3/9
  2074 | D:3      | Found Fonnecvo's Assorted Antiques.
  2141 | D:3      | Became a worshipper of Gozag Ym Sagoz the Greedy
  2311 | D:3      | Found Xiug's Weapon Shop.
  2506 | D:3      | Found Fuobewke's Distillery.
  2594 | D:3      | Noticed an ogre
  2599 | D:3      | Killed an ogre
  2600 | D:3      | Reached skill level 5 in Earth Magic
  2600 | D:3      | Reached XP level 6. HP: 32/32 MP: 0/11
  2724 | D:3      | Found Zodos's Antique Armour Boutique.
  2960 | D:3      | Found Kaschur's Distillery.
  3121 | D:4      | Found a hide-covered altar of Uskayaw.
  3121 | D:4      | Noticed a +0 falchion
  3121 | D:4      | Noticed a +0 short sword
  3122 | D:4      | Noticed a +0 dagger
  3124 | D:4      | Noticed a +0 falchion
  3124 | D:4      | Noticed a +0 spear
  3125 | D:4      | Noticed a +0 spear
  3125 | D:4      | Noticed a +0 short sword
  3125 | D:4      | Noticed a +0 dagger
  3142 | D:4      | Found a staircase to the Ecumenical Temple.
  3158 | Temple   | Entered the Ecumenical Temple
  3200 | D:4      | Slain by an orc

Illustrated notes

Levels and vault maps discovered:
D:1:      heliophobic_arrival_battle_scene, layout_rooms, serial_shops,
          nicolae_square_shop
D:2:      layout_basic, serial_shops, nicolae_shop_hallway_plus,
          nicolae_diamond_shop, shop, shop, shop, minmay_rat_hole
D:3:      layout_loops_ring, marbit_many_paths, serial_shops, shop, shop, shop,
          shop, shop_statue
D:4:      layout_loops_corners, mainiacjoe_overflow_six_doors_small,
          nicolae_uskayaw_en_pointe, minmay_temple_entry_mist,
          grunt_ministairs_3
Temple:   nicolae_temple_bog_church

Skill      XL: |  1  2  3  4  5 |
---------------+----------------+-----
Earth Magic    | 4 5 |  5.4
Conjurations   | 2 3 |  3.7
Spellcasting   | 3 |  3.7
Dodging        | |  1.5
Stealth        | |  2.1

Action                     |  1- 3 |  4- 6 || total
---------------------------+-------+-------++-------
  Melee: Unarmed           |    41 |       ||    41
         Dagger            |    17 |    35 ||    52
   Cast: Sandblast         |    60 |    55 ||   115
         Stone Arrow       |       |     4 ||     4
    Use: Scroll            |     2 |       ||     2
 Armour: Robe              |    79 |    38 ||   117
  Dodge: Dodged            |   100 |    42 ||   142

Table legend: (Time is in decaauts)
 A = Elapsed time spent in this place.
 B = Non-inter-level travel time spent in this place.
 C = Inter-level travel time spent in this place.
 D = Time resting spent in this place.
 E = Time spent auto-exploring this place.
 F = Levels seen in this place.
 G = Mean time per level.
                   A        B        C        D        E       F      G
               +--------+--------+--------+--------+--------+-----+--------+
         Total |   3260 |   3161 |     99 |    260 |   2284 |   5 |  652.0 |
       Dungeon |   3253 |   3154 |     99 |    260 |   2279 |   4 |  813.2 |
        Temple |      6 |      6 |      0 |      0 |      5 |   1 |    6.0 |
               +--------+--------+--------+--------+--------+-----+--------+

Top non-repeatable levels by time:
     D:3: 1250 daAuts
     D:2: 960 daAuts
     D:1: 860 daAuts
     D:4: 182 daAuts
  Temple: 6 daAuts
